AoeStats
← a.l.a.n.t

African Clearing

505427571Analyzed
4v4 RM · 24d ago on Sep 9, 2026· 50m 32s· 8 players
Game mode
Random Map
Map size
Large (8 player)
Population
200
Speed
Normal
Resources
Standard
Victory
Conquest
Starting age
Dark Age
Ending age
Imperial Age
RankedLock teamsTeams togetherTeam positionsShared explorationLock speedFull tech treeHidden civsTurbo modeCheats
Victory
Defeat
🇨🇳 Magyars · China
1505
+10
🇨🇳 Inca · China
1243
+20
1217
+21
🇭🇰 Persians · Hong Kong SAR China
1165
+24
🇨🇳 Huns · China
1373
-20
🇬🇧 Tatars · United Kingdom
1345
-19
🇭🇰 Franks · Hong Kong SAR China
1328
-18
🇯🇵 Persians · Japan
1322
-18
Freegan
4:54 Loom
12:07 Feudal Age
12:45 Double-Bit Axe
15:36 Wheelbarrow
21:22 Castle Age
20:49 Forging
21:16 Scale Barding Armor
21:04 Gold Mining
23:10 Iron Casting
30:54 Husbandry
31:45 Chain Barding Armor
32:51 Bow Saw
36:24 Hand Cart
40:06 Imperial Age
39:34 Gold Shaft Mining
38:50 Stone Mining
40:28 Cavalier
40:30 Light Cavalry
44:05 Plate Barding Armor
44:14 Fletching
44:59 Paladin
a.l.a.n.t
7:24 Loom
13:41 Feudal Age
18:01 Castle Age
16:06 Fletching
17:05 Double-Bit Axe
18:36 Bodkin Arrow
19:17 Bow Saw
29:19 Husbandry
31:24 Ballistics
43:03 Imperial Age
43:12 Scale Barding Armor
43:38 Bloodlines
44:19 Silk Armor
123456
10:58 Loom
20:37 Feudal Age
21:36 Double-Bit Axe
24:57 Castle Age
33:28 Wheelbarrow
34:41 Fletching
35:23 Horse Collar
36:02 Hand Cart
37:30 Bow Saw
39:24 Heavy Plow
40:26 Town Watch
44:40 Imperial Age
42:14 Padded Archer Armor
43:33 Bodkin Arrow
43:53 Leather Archer Armor
44:46 Ballistics
44:30 Gold Mining
44:31 Stone Mining
45:53 Gold Shaft Mining
44:45 Capped Ram
46:39 Chemistry
45:44 Bracer
46:10 Husbandry
47:11 Bloodlines
47:49 Siege Ram
47:53 Heavy Cavalry Archer
49:03 Parthian Tactics
48:13 Light Cavalry
49:00 Scale Barding Armor
49:05 Forging
51:02 Chain Barding Armor
51:19 Iron Casting
Hiro
9:33 Loom
12:29 Feudal Age
16:34 Castle Age
14:46 Double-Bit Axe
16:57 Scale Barding Armor
22:17 Wheelbarrow
22:24 Bloodlines
23:11 Husbandry
25:09 Fletching
32:42 Town Watch
41:42 Bow Saw
47:32 Hand Cart
47:07 Pikeman
47:47 Squires
逐曦者
6:22 Loom
11:30 Feudal Age
18:01 Castle Age
16:25 Double-Bit Axe
17:34 Champi Runner
20:58 Champi Warrior
21:52 Scale Mail Armor
24:22 Squires
27:55 Squires
32:17 Chain Mail Armor
40:08 Horse Collar
41:31 Bow Saw
42:01 Wheelbarrow
46:10 Imperial Age
43:59 Hand Cart
44:12 Gold Mining
44:24 Heavy Plow
45:23 Forging
46:54 Gold Shaft Mining
46:39 Elite Kamayuk
48:06 Crop Rotation
47:53 Elite Champi Warrior
51:22 Plate Mail Armor
51:27 Iron Casting
51:03 Fabric Shields
51:24 Conscription
断水流
13:33 Feudal Age
12:12 Loom
14:22 Double-Bit Axe
17:12 Castle Age
16:21 Horse Collar
18:03 Bow Saw
18:38 Gold Mining
20:05 Scale Barding Armor
27:56 Bloodlines
29:00 Husbandry
30:25 Wheelbarrow
33:22 Chain Barding Armor
35:07 Hand Cart
36:54 Gold Shaft Mining
39:23 Imperial Age
37:17 Town Watch
39:36 Cavalier
41:06 Plate Barding Armor
40:53 Conscription
41:45 Paladin
43:21 Stone Mining
46:24 Fletching
50:11 Heavy Plow
埃米尔.帖木儿.夏天
8:07 Loom
13:40 Feudal Age
18:03 Castle Age
16:35 Double-Bit Axe
19:21 Bow Saw
24:34 Wagenburg Tactics
28:30 Wheelbarrow
32:11 Chemistry
33:36 Horse Collar
39:42 Imperial Age
37:30 Hand Cart
37:36 Town Watch
39:06 Heavy Plow
38:49 Treadmill Crane
40:48 Conscription
40:51 Fletching
40:44 Elite Hussite Wagon
42:04 Houfnice
43:05 Padded Archer Armor
44:52 Siege Engineers
46:30 Bombard Tower
46:26 Masonry
快乐沙狗
10:35 Loom
21:50 Feudal Age
29:30 Castle Age
29:26 Double-Bit Axe
34:15 Wheelbarrow
34:30 Fishing Lines
40:59 Gillnets
42:18 Horse Collar
42:55 Bow Saw
43:26 Scale Barding Armor
45:14 Hand Cart
49:14 Imperial Age
47:06 Chain Barding Armor
47:04 Husbandry
47:14 Bloodlines
48:25 Forging
49:09 Gold Mining
48:58 Cavalier
50:17 Plate Barding Armor
50:39 Gold Shaft Mining
Connection lost

Rejoining the realm…

Still unreachable

The connection could not be restored.

Session expired

The server has moved on; the page needs a fresh start.